 Dungeon Crawl Stone Soup version 0.22.1 (webtiles) character file.

720 erker the Changer (level 7, -1/43 HPs)
             Began as an Octopode Transmuter on Sept 17, 2018.
             Was a Follower of the Shining One.
             Killed from afar by an orc wizard (8 damage)
             ... with a magic dart
             ... on level 5 of the Dungeon.
             The game lasted 00:23:48 (5386 turns).

erker the Changer (Octopode Transmuter)             Turns: 5386, Time: 00:23:48

Health: -1/43      AC:  1    Str:  9    XL:     7   Next: 70%
Magic:  12/12      EV: 13    Int: 17    God:    the Shining One [*.....]
Gold:   190        SH:  0    Dex:  9    Spells: 3/13 levels left

rFire    . . .     SeeInvis .     - Unarmed
rCold    + . .     Gourm    .   (no shield)
rNeg     + + .     Faith    +   (helmet restricted)
rPois    .         Spirit   .   d - amulet of faith
rElec    .         Reflect  .   j - ring of protection from cold
rCorr    .         Harm     .   p - ring of positive energy
MR       .....                  r - -4 ring of dexterity (curse)
Stlth    +.........             t - ring of positive energy
HPRegen  0.14/turn              (no ring)
MPRegen  0.13/turn              (no ring)
                                (no ring)
                                (no ring)

@: lethally poisoned (-1 -> -22), glowing
A: almost no armour, stealthy swim, amphibious, 8 rings, constrict 8, camouflage
1, gelatinous body 1
a: Renounce Religion


You were on level 5 of the Dungeon.
You worshipped the Shining One.
The Shining One was aware of your devotion.
You were not hungry.

You visited 1 branch of the dungeon, and saw 5 of its levels.

You collected 190 gold pieces.

Inventory:

Missiles
 a - 73 arrows
 h - 19 poisoned needles
 m - 54 bolts
 s - 7 needles of frenzy
Jewellery
 d - an amulet of faith (around mantle)
 j - a ring of protection from cold (left tentacle)
 p - a ring of positive energy (right tentacle)
 r - a cursed -4 ring of dexterity (on tentacle)
 t - a ring of positive energy (on tentacle)
 D - an uncursed amulet of rage
Wands
 v - a wand of flame (27)
Scrolls
 b - 6 scrolls of identify {unknown}
 e - 3 scrolls of teleportation {unknown}
 k - a scroll of remove curse {unknown}
 o - a scroll of blinking {unknown}
 u - a scroll of noise {unknown}
 w - a scroll of immolation {unknown}
 y - a scroll of enchant armour {unknown}
Potions
 f - 2 potions of mutation {unknown}
 g - a potion of resistance
 i - a potion of invisibility
 n - a potion of curing
 q - a potion of brilliance {unknown}
 x - a potion of haste {unknown}
 z - a potion of flight {unknown}
 A - a potion of lignification {unknown}
 C - 3 potions of degeneration {unknown}
Comestibles
 c - 7 rations
 B - 2 chunks of flesh


   Skills:
 + Level 1.5 Fighting
 * Level 2.8 Dodging
 + Level 4.1 Unarmed Combat
 - Level 3.9 Spellcasting
 + Level 5.6 Transmutations
 * Level 1.3 Ice Magic
 - Level 2.0 Poison Magic
 * Level 1.3 Invocations


You had 3 spell levels left.
You knew the following spells:

 Your Spells              Type           Power        Failure   Level  Hunger
a - Beastly Appendage     Tmut           ###...       1%          1    None
b - Ice Form              Ice/Tmut       ###.....     36%         4    ####...
s - Spider Form           Tmut/Pois      ###.......   10%         3    ###....
t - Sticks to Snakes      Tmut           ###.....     2%          2    ##.....

Your spell library contained the following spells:

 Spells                   Type           Power        Failure   Level  Hunger
 Blade Hands              Tmut           ###.......   41%         5    ######.


Dungeon Overview and Level Annotations

Branches:
Dungeon (5/15)
 Temple: D:4-7

Altars:
Nemelex Xobeh
Ru
Sif Muna
Vehumet
The Shining One

Annotations:
D:2 Sigmund


Innate Abilities, Weirdness & Mutations

You cannot wear most types of armour.
You are very stealthy in the water. (Stealth+)
You are amphibious.
You can wear up to eight rings at the same time.
You can use your tentacles to constrict eight enemies at once.
Your skin changes colour to match your surroundings (Stealth+).
Your rubbery body absorbs attacks. (AC +1, EV +1)


Message History

You are more poisoned.
The orc shoots a stone.
The stone misses you.
You see here 2 stones.
It was a potion of curing.
You feel better.
The orc wizard hits you with a dagger of venom.
* * * LOW HITPOINT WARNING * * *
You are lethally poisoned!
The orc wizard looks encouraged for a moment.
The orc shoots a stone.
The stone misses you.
Your transformation has ended.
* * * LOW HITPOINT WARNING * * *
You feel sick.
The orc wizard hits you with a dagger of venom.
* * * LOW HITPOINT WARNING * * *
You are more poisoned.
* * * LOW HITPOINT WARNING * * *
You feel sick. The orc wizard casts a spell at you. The magic dart hits you!
You die...

###...#######
...._.......# #.#
###...####### #.# #
###...#...§§# ... .
§##...#.§§.§# #.# .#
§.#...#.§§§§####.##.##....
§##.#.#§§.§§##............
###...#§.§.§##............
###...####### #@# .##....
###'''####### #(##.#.....
.#....###. #.o#....... ##
.......... ##o....# ..
##.####### #.((..# #.#
........# #(....#### #..
##.####.# ##........ .###
..S...#.##########...###..
....
.#.##.#...........).## #
####


You could see an orc wizard and an orc.

Vanquished Creatures
  An ogre (D:4)
  2 scorpions
  A howler monkey (D:4)
  2 orc wizards
  An orc priest (D:5)
  Jessica (D:3)
  Ijyb (D:3)
  4 worker ants
  A hound skeleton (D:4)
  2 gnolls (D:4)
  3 adders
  3 oozes
  2 adder skeletons
  3 worms
  2 dart slugs
  4 leopard geckos
  4 orcs (D:3)
  5 giant cockroaches
  6 goblins
  10 hobgoblins
  4 jackals (D:2)
  2 quokkas (D:4)
  7 bats
  6 frilled lizards
  2 kobolds (D:3)
  5 rats
84 creatures vanquished.

Vanquished Creatures (collateral kills)
  A hound (D:4)
  A bullfrog skeleton (D:5)
  2 orc wizards
  2 gnolls (D:4)
  4 adders
  6 orcs
  A giant cockroach (D:3)
  A frilled lizard (D:4)
  A jackal skeleton (D:4)
19 creatures vanquished.

Vanquished Creatures (others)
  An orc wizard (D:3)
  4 toadstools (D:1)
5 creatures vanquished.

Grand Total: 108 creatures vanquished

Notes
Turn   | Place    | Note
-------+----------+-------------------------------------------
     0 | D:1      | erker the Octopode Transmuter began the quest for the Orb.
     0 | D:1      | Reached XP level 1. HP: 13/13 MP: 3/3
    93 | D:1      | Reached XP level 2. HP: 18/18 MP: 5/5
   113 | D:1      | Learned a level 2 spell: Sticks to Snakes
   710 | D:2      | Reached skill level 3 in Transmutations
   710 | D:2      | Reached XP level 3. HP: 11/23 MP: 4/6
   889 | D:2      | Learned a level 3 spell: Spider Form
  1070 | D:2      | Noticed Sigmund
  1566 | D:2      | Found a faded altar of an unknown god.
  1599 | D:2      | Reached XP level 4. HP: 18/28 MP: 8/8
  1601 | D:2      | Reached skill level 1 in Poison Magic
  2088 | D:3      | Found a deep blue altar of Sif Muna.
  2289 | D:3      | Noticed Ijyb
  2527 | D:3      | Killed Ijyb
  2527 | D:3      | Reached XP level 5. HP: 18/33 MP: 9/9
  2696 | D:3      | Reached skill level 4 in Transmutations
  3059 | D:3      | Found a glowing golden altar of the Shining One.
  3071 | D:3      | Became a worshipper of the Shining One
  3108 | D:3      | Noticed Jessica
  3111 | D:3      | Killed Jessica
  3287 | D:4      | Noticed an ogre
  3293 | D:4      | Reached XP level 6. HP: 32/38 MP: 8/11
  3382 | D:4      | Found a sacrificial altar of Ru.
  3484 | D:4      | Found a radiant altar of Vehumet.
  3542 | D:4      | Reached skill level 5 in Transmutations
  3560 | D:4      | Learned a level 4 spell: Ice Form
  4248 | D:4      | Reached * piety under the Shining One
  4607 | D:4      | Reached XP level 7. HP: 37/43 MP: 10/12
  4641 | D:4      | Reached skill level 1 in Invocations
  4678 | D:4      | Found a glowing golden altar of the Shining One.
  4698 | D:4      | Reached skill level 1 in Ice Magic
  4878 | D:5      | Entered Level 5 of the Dungeon
  4888 | D:5      | Found a sparkling altar of Nemelex Xobeh.
  5386 | D:5      | Killed from afar by an orc wizard

Skill      XL: |  1  2  3  4  5  6  7 |
---------------+----------------------+-----
Transmutations | 3 4 5 |  5.6
Poison Magic   | 1 2 |  2.0
Spellcasting   | 3 |  3.9
Invocations    | 1 |  1.3
Ice Magic      | 1 |  1.3
Unarmed Combat | 4 |  4.1
Fighting       | |  1.5
Dodging        | |  2.8

Action                   |  1- 3 |  4- 6 |  7- 9 || total
-------------------------+-------+-------+-------++-------
Melee: Unarmed           |    81 |   135 |    60 ||   276
       Constrict         |    25 |    22 |     7 ||    54
       Tentacles         |    19 |     8 |     5 ||    32
       Kick              |    13 |     7 |     6 ||    26
       Punch             |     1 |     3 |     1 ||     5
 Cast: Beastly Appendage |    15 |    11 |     3 ||    29
       Sticks to Snakes  |       |    17 |     9 ||    26
       Spider Form       |       |     5 |     4 ||     9
 Abil: End Transformatio |       |       |     1 ||     1
  Use: Potion            |       |     3 |     2 ||     5
 Stab: Sleeping          |     8 |     3 |       ||    11
  Eat: Chunk             |     2 |     9 |     2 ||    13
       Ration            |       |     1 |       ||     1
Armor: Skin              |     7 |    15 |     2 ||    24
Dodge: Dodged            |    39 |   103 |    45 ||   187
